 Dungeon Crawl Stone Soup version 0.23.2-40-g277498a001 (webtiles) character file.

Game seed: 12671169313113883783

163 Iskender the Sneak (level 5, 24/24 HPs)
             Began as a Felid Chaos Knight on Oct 4, 2019.
             Was a Plaything of Xom.
             Quit the game in a sewer.
             The game lasted 00:20:44 (3327 turns).

Iskender the Sneak (Felid Chaos Knight)             Turns: 3327, Time: 00:20:44

Health: 24/24      AC:  2    Str: 10    XL:     5   Next: 20%
Magic:  6/6        EV: 21    Int: 15    God:    Xom [....*.]
Gold:   84         SH:  4    Dex: 18    Spells: 4/4 levels left
                                        Lives:  0   Deaths: 1

rFire    . . .     SeeInvis +     - Unarmed
rCold    . . .     Gourm    .   (shield unavailable)
rNeg     . . .     Faith    .   (armour unavailable)
rPois    .         Spirit   .   (helmet unavailable)
rElec    .         Reflect  .   (cloak unavailable)
rCorr    .         Harm     .   (gloves unavailable)
MR       .....                  (boots unavailable)
Stlth    +++++.....             (no amulet)
HPRegen  0.08/turn              b - ring of stealth
MPRegen  0.10/turn              h - ring of flight

@: quick
A: very small, no armour, no weapons or thrown items, stealth, claws 1, fangs 3,
horns 1, large bone plates 1, see invisible, agile 1, carnivore, speed 1, shaggy
fur 2, slow metabolism 1, strong 1, sharp paws
a: Renounce Religion, Evoke Flight


You were in a sewer.
You worshipped Xom.
You were a beloved toy of Xom.
You were not hungry.

You visited 1 branch of the dungeon, and saw 3 of its levels.
You also visited: Sewer.

You collected 84 gold pieces.

Inventory:

Jewellery
 b - a ring of stealth (left paw)
 h - a ring of flight (right paw)
Scrolls
 c - 2 scrolls of remove curse
 d - 2 scrolls of teleportation
 f - a scroll of magic mapping {unknown}
 g - a scroll of identify
 i - a scroll of blinking
 m - a scroll of noise {unknown}
 n - a scroll of enchant armour {unknown}
Potions
 e - a potion of brilliance
 l - a potion of flight {unknown}
 o - a potion of invisibility {unknown}
Comestibles
 a - 4 rations


   Skills:
 - Level 3.0 Fighting
 - Level 5.0 Dodging
 - Level 7.7 Stealth
 + Level 3.1 Unarmed Combat


You had 4 spell levels left.
You didn't know any spells.
Your spell library was empty.

Dungeon Overview and Level Annotations

Branches:
Dungeon (3/15)

Altars:
The Shining One

Annotations:
D:2 Jessica Sewer Grinder


Innate Abilities, Weirdness & Mutations

You cannot wear armour.
You are incapable of wielding weapons or throwing items.
Your paws allow you to move quietly. (Stealth)
You have sharp claws.
You have razor-sharp teeth.
You have supernaturally acute eyesight. (SInv)
You are carnivorous and can eat meat at any time.
You cover ground quickly.
You are covered in thick fur. (AC +2)
You have a slow metabolism.
Your sharp claws are effective at attacking unaware monsters.
You have a pair of small horns on your head.
You are partially covered in large bone plates. (SH +4)
You are agile. (Dex +2)
Your muscles are strong. (Str +2)


Message History

You scratch Grinder but do no damage. You headbutt Grinder, but do no damage.
You bite Grinder.
Grinder is severely wounded.
Grinder misses you.
You barely miss Grinder.
Grinder is severely wounded.
Grinder barely misses you.
You closely miss Grinder.
Grinder is severely wounded.
Grinder gestures at you. You resist with significant effort.
You barely miss Grinder.
Grinder is severely wounded.
Grinder gestures at you. Pain shoots through your body!
You die...
Xom titters!
You are now level 5!
You rejoin the land of the living...
Are you sure you want to abandon this character and quit the game? (Confirm with "yes".)

#≈≈.#≈≈≈≈≈≈≈≈≈≈≈≈≈≈.(..≈#
#≈..#≈≈≈≈≈≈≈≈≈≈≈≈≈≈.#..≈# ..≈#
#≈..#≈≈≈≈≈≈≈≈≈≈≈≈≈≈.#.≈≈# ≈...≈#
#≈≈.#≈≈≈≈≈≈≈≈≈≈≈≈≈≈.#.≈≈# ≈...≈#
#≈≈.#≈≈≈≈≈≈≈≈≈≈≈)...#..≈###'''##
#≈≈.# ≈≈≈≈≈≈≈≈≈≈≈...#(≈≈##.....#
#≈..####≈#≈≈###≈#.####(###..§...
#≈≈.#..(..........≈≈#(..#.....§.
#≈≈.)..........@.≈≈≈≈(..).§._...
#≈≈.#.......(.....≈≈#...#(.%..§.
##≈####≈##≈##≈###.####.###..§...
#≈≈≈≈≈≈≈≈≈≈≈≈≈≈≈≈...#(.≈##....5#
#≈≈.≈≈≈≈≈≈≈≈≈≈≈≈≈≈..#..≈###''†##
#≈≈≈≈≈≈≈≈≈≈≈≈≈≈≈≈≈≈.#.≈≈##≈.).≈#
#≈≈≈≈≈≈≈≈≈≈≈≈≈≈≈≈≈≈.#.≈≈##≈...≈#
#≈≈≈≈≈≈≈≈≈≈≈≈≈≈≈≈≈≈.#.≈≈##≈...≈#
#≈≈≈≈≈≈≈≈≈≈≈≈≈≈≈≈≈≈.).≈≈##≈...≈#


There were no monsters in sight!

Vanquished Creatures
  A big kobold (Sewer)
  3 big kobold zombies (Sewer)
  An adder (D:3)
  A shadow imp (Sewer)
  An ufetubus (Sewer)
  An ooze (D:1)
  A worm (D:3)
  2 dart slugs
  4 leopard geckos
  An orc (D:3)
  5 bats
  7 giant cockroaches
  6 goblins
  5 hobgoblins
  9 jackals
  23 kobolds
  3 ball pythons
  5 frilled lizards
  A rat (D:1)
80 creatures vanquished.

Vanquished Creatures (collateral kills)
  A big kobold (Sewer)
1 creature vanquished.

Vanquished Creatures (others)
  A big kobold zombie (Sewer)
  A kobold zombie (Sewer)
2 creatures vanquished.

Grand Total: 83 creatures vanquished

Notes
Turn   | Place    | Note
-------+----------+-------------------------------------------
     0 | D:1      | Iskender the Felid Chaos Knight began the quest for the
                  | Orb.
     0 | D:1      | Reached XP level 1. HP: 10/10 MP: 2/2
    50 | D:1      | Reached skill level 1 in Stealth
    96 | D:1      | Reached skill level 2 in Stealth
   102 | D:1      | XOM: harmless Tloc miscast
   107 | D:1      | Reached XP level 2. HP: 10/14 MP: 3/3
   381 | D:1      | XOM: smoke on damage
   382 | D:1      | Reached skill level 3 in Stealth
   403 | D:1      | XOM: fog
   877 | D:1      | Reached skill level 4 in Stealth
   882 | D:1      | Reached XP level 3. HP: 17/17 MP: 4/4
   889 | D:1      | XOM: cast spell 'Leda's Liquefaction'
  1337 | D:2      | Noticed Jessica
  1384 | D:2      | Noticed a centaur
  1384 | D:2      | a dart slug changed into a centaur
  1384 | D:2      | XOM: polymorph dart slug -> centaur
  1420 | D:2      | XOM: cloud trail
  1451 | D:2      | Found a glowing golden altar of the Shining One.
  1600 | D:3      | XOM is BORED!
  1600 | D:3      | XOM: harmless Pois miscast
  1606 | D:3      | XOM: enchant monster (bad)
  1612 | D:3      | Reached skill level 5 in Stealth
  1721 | D:3      | Reached XP level 4. HP: 14/21 MP: 5/5
  1823 | D:3      | Noticed an orc warrior
  1925 | D:3      | XOM: butterfly on damage
  1941 | D:3      | Found a glowing drain.
  2048 | Sewer    | Entered a sewer
  2274 | Sewer    | XOM: harmless Summ miscast
  2363 | Sewer    | Reached skill level 6 in Stealth
  2370 | Sewer    | XOM: mild Chrm miscast
  2379 | Sewer    | XOM: swap monsters
  2598 | Sewer    | XOM: scenery: 1 doors close
  2602 | Sewer    | XOM: summons 2 friendly demons
  2730 | Sewer    | Found a burning altar of Makhleb.
  2730 | Sewer    | Noticed a big kobold
  2732 | Sewer    | Reached XP level 5. HP: 24/24 MP: 6/6
  2755 | Sewer    | XOM: enchant monster (good)
  2778 | Sewer    | Reached skill level 7 in Stealth
  2811 | Sewer    | XOM: potion effect (agility)
  2842 | Sewer    | XOM: give mutations
  2842 | Sewer    | Gained mutation: You have a pair of small horns on your
                  | head. [Xom's grace]
  2842 | Sewer    | Gained mutation: You are partially covered in large bone
                  | plates. (SH +4) [Xom's grace]
  2842 | Sewer    | Gained mutation: Your muscles are strong. (Str +2) [Xom's
                  | grace]
  2842 | Sewer    | Gained mutation: You are agile. (Dex +2) [Xom's grace]
  3262 | Sewer    | XOM: summons 3 friendly demons
  3267 | Sewer    | Reached skill level 5 in Dodging
  3267 | Sewer    | Gained mutation: You are covered in thick fur. (AC +2)
                  | [Felid growth]
  3267 | Sewer    | Reached XP level 6. HP: 26/28 MP: 7/7
  3292 | Sewer    | Noticed Grinder
  3314 | Sewer    | XOM: god gift: 5 rations
  3326 | Sewer    | Killed from afar by Grinder
  3327 | Sewer    | Reached XP level 5. HP: -2/24 MP: 6/6
  3327 | Sewer    | Quit the game

Skill      XL: |  1  2  3  4  5 |
---------------+----------------+-----
Stealth        | 2 4 5 6 7 |  7.7
Dodging        | 5 |  5.0
Fighting       | |  3.0
Unarmed Combat | |  3.1

Action                   |  1- 3 |  4- 6 || total
-------------------------+-------+-------++-------
Melee: Unarmed           |   129 |   178 ||   307
       Bite              |    15 |    20 ||    35
       Headbutt          |       |    16 ||    16
       Punch             |       |     1 ||     1
 Abil: Evoke Flight      |       |     5 ||     5
  Use: Scroll            |     1 |     3 ||     4
       Potion            |       |     2 ||     2
 Stab: Sleeping          |    10 |     6 ||    16
       Confused          |       |     1 ||     1
       Distracted        |       |     1 ||     1
  Eat: Chunk             |     9 |     2 ||    11
Armor: Skin              |    11 |     6 ||    17
Dodge: Dodged            |    85 |   129 ||   214
Block: Other             |       |     8 ||     8
